 Dungeon Crawl Stone Soup version 0.32-a0-540-g866d13106e (webtiles) character file.

Game seed: 10012770643736870654

585 ragingrage the Grave Robber (level 7, -2/46 HPs)
             Began as a Demonspawn Necromancer on Feb 29, 2024.
             Was an Initiate of Nemelex Xobeh.
             Slain by a hornet (12 damage)
             ... on level 5 of the Dungeon.
             The game lasted 00:04:21 (5102 turns).

ragingrage the Grave Robber (DsNe)                  Turns: 5102, Time: 00:04:21

Health: -2/46      AC:  7    Str: 12    XL:     7   Next: 14%
Magic:  10/10      EV: 12    Int: 14    God:    Nemelex Xobeh [......]
Gold:   179        SH:  4    Dex: 28    Spells: 2/10 levels left

rFire   + . .        a - +8 flail "Goblin's Funeral" {pain, rF+ Str+4 Int-3 Stlth+}
rCold   . . .        (no shield)
rNeg    . . .        h - +0 leather armour
rPois   .            (helmet restricted)
rElec   .            c - +2 cloak
rCorr   .            g - +0 pair of gloves
SInv    .            (no boots)
Will    .....        o - amulet of magic regeneration
Stlth   +++++        k - +6 ring of dexterity
HPRegen 0.27/turn    v - +6 ring of dexterity
MPRegen 0.52/turn

%: no passive effects
@: lethally poisoned (-2 -> -13), slowed, very slow
A: horns 2, thin skeletal structure 1, demonic guardian 1, condensation shield
a: Renounce Religion, Draw Escape, Draw Destruction, Draw Summoning


You were on level 5 of the Dungeon.
You worshipped Nemelex Xobeh.
Nemelex Xobeh was noncommittal.
You visited 2 branches of the dungeon, and saw 6 of its levels.

You collected 179 gold pieces.

Inventory:

Hand Weapons
 a - the +8 flail "Goblin's Funeral" (weapon) {pain, rF+ Str+4 Int-3 Stlth+}
   (You found it on level 2 of the Dungeon)

   Str+4:     It affects your strength (+4).
   Int-3:     It affects your intelligence (-3).
   rF+:       It protects you from fire.
   Stlth+:    It makes you more stealthy.
 b - a +0 long sword
 e - a +0 short sword
Missiles
 d - a throwing net
 m - 4 poisoned darts
Armour
 c - a +2 cloak (worn)
 g - a +0 pair of gloves (worn)
 h - a +0 leather armour (worn)
Jewellery
 k - a +6 ring of dexterity (left hand)
 o - an amulet of magic regeneration (around neck)
 u - a ring of positive energy
 v - a +6 ring of dexterity (right hand)
Scrolls
 j - a scroll of acquirement {unknown}
 p - a scroll of amnesia {unknown}
 r - 2 scrolls of identify {unknown}
 s - a scroll of enchant armour {unknown}
 t - 2 scrolls of immolation {unknown}
 w - a scroll of teleportation {unknown}
Potions
 f - a potion of magic
 i - 2 potions of berserk rage {unknown}
 l - a potion of cancellation {unknown}
 n - a potion of lignification {unknown}
 q - a potion of brilliance {unknown}
 x - a potion of curing {unknown}


   Skills:
 - Level 0.5 Long Blades
 * Level 5.9 Maces & Flails
 + Level 1.7 Dodging
 - Level 2.0 Stealth
 - Level 2.0 Spellcasting
 + Level 6.0 Necromancy


You had 2 spell levels left.
You knew the following spells:

 Your Spells              Type           Power      Damage    Failure   Level
a - Necrotise             Necr           72%        1d7       2%          1
b - Vampiric Draining     Necr           18%        2d7       8%          3
c - Animate Dead          Necr           18%        N/A       26%         4

Your spell library contained the following spells:

 Spells                   Type           Power      Damage    Failure   Level
 Curse of Agony           Necr           18%        N/A       56%         5


Dungeon Overview and Level Annotations

Branches:
Dungeon (5/15)             Temple (1/1) D:4

Altars:
Ashenzari
Cheibriados
Dithmenos
Fedhas
Gozag
Hepliaklqana
Kikubaaqudgha
Makhleb
Nemelex Xobeh
Okawaru
Qazlal
Ru
Sif Muna
Trog
Uskayaw
Wu Jian
Xom
Yredelemnul

Shops:
D:5 *

Annotations:
D:2 Natasha
D:3 3 runed translucent doors, AutarchDCSS's ghost, weakling DrWr; kd29's ghost, amateur DrSh


Innate Abilities, Weirdness & Mutations

You have a pair of horns on your head.
You have a somewhat thin skeletal structure. (Dex +2, Stealth+)
A weak demonic guardian rushes to your aid.
A meltable shield of frost defends you. (SH +4)


Message History

The orc hits you with a +0 long sword.
You sock the orc!
You kill the orc!
No target in view!
You now have 170 gold pieces (gained 15).
There is an escape hatch in the ceiling here.
You see here a +0 long sword.
x - a bubbling golden potion You now have 179 gold pieces (gained 9).
You open the door.
Found a stone staircase leading down.
There is an open door here.
An orc and a hornet come into view.
An orc wizard comes into view. It is wielding a +0 dagger.
The orc shouts!
The hornet buzzes angrily.
The orc wizard moves out of view.
An orc comes into view. It is wielding a +0 mace.
There are monsters nearby!
The hornet barely misses you.
There are monsters nearby!
You barely miss the hornet. The hornet stings you!
A demonic guardian appears!
You are poisoned.
You feel yourself slow down.
You aren't carrying any items that you can evoke.
Unknown command.
You closely miss the hornet.
You feel very sick. The hornet stings you.
You feel as though you will be slow longer.
The hornet completely misses you. The hornet stings you.
You feel as though you will be slow longer.
You sock the hornet!
You feel sick. The hornet stings you!
* * * LOW HITPOINT WARNING * * *
You are lethally poisoned!
You feel as though you will be slow longer.
Your quasit barely misses the hornet. x2
Your quasit claws the hornet but does no damage.
The hornet stings you!
You die...
Your body disappears without a glow.

.....#........# #
####.#.#####..# .#
..##.#.#####..####.#
..##.#.............#
..##.....###..##.#.#
..##...# #......# ##
####..##.###.....# ..
.........####.##5#o###..
.....†..........@yo.....
#####..........#######..
....####..# ....# #...
.##.# ##... .. ... ....
## ## #.... #..##


You could see a hornet (ally target), 2 orcs and a friendly quasit (summoned).

Vanquished Creatures
  A centaur (D:5)
  A phantom (D:5)
  A scorpion (D:4)
  A bombardier beetle (D:4)
  A hound (D:5)
  4 iguanas
  A sleepcap (D:5)
  2 orc wizards (D:4)
  6 adders
  A ribbon worm (D:5)
  10 orcs
  3 bats
  7 endoplasms
  5 giant cockroaches
  2 goblins
  4 hobgoblins
  4 jackals
  4 quokkas
  5 ball pythons
  4 frilled lizards
  7 kobolds
  2 rats
76 creatures vanquished.

Vanquished Creatures (collateral kills)
  A jackal (D:5)
  A quokka (D:3)
2 creatures vanquished.

Vanquished Creatures (others)
  An adder zombie (D:5)
  A quokka zombie (D:5)
2 creatures vanquished.

Grand Total: 80 creatures vanquished

Notes
Turn   | Place    | Note
-------+----------+-------------------------------------------
     0 | D:1      | ragingrage the Demonspawn Necromancer began the quest for
                  | the Orb.
     0 | D:1      | Reached XP level 1. HP: 13/13 MP: 3/3
   351 | D:1      | Gained mutation: You have a pair of small horns on your
                  | head. [demonic ancestry]
   351 | D:1      | Reached XP level 2. HP: 19/19 MP: 3/5
   569 | D:1      | Reached skill level 5 in Necromancy
  1196 | D:2      | Identified the +8 flail "Goblin's Funeral" {pain, rF+ Str+4
                  | Int-3 Stlth+}
  1443 | D:2      | Gained mutation: You have a pair of horns on your head.
                  | [demonic ancestry]
  1443 | D:2      | Reached XP level 3. HP: 10/24 MP: 1/6
  1562 | D:2      | Reached skill level 1 in Maces & Flails
  1612 | D:2      | Noticed Natasha
  1620 | D:2      | Learned a level 3 spell: Vampiric Draining
  2129 | D:3      | Reached XP level 4. HP: 30/30 MP: 5/7
  2519 | D:3      | Found a runed translucent gate.
  2519 | D:3      | Found a runed translucent gate.
  2521 | D:3      | Found a runed translucent gate.
  2550 | D:3      | Noticed AutarchDCSS's ghost (weakling DrWr)
  2550 | D:3      | Noticed kd29's ghost (amateur DrSh)
  2874 | D:4      | Noticed a scorpion
  2878 | D:4      | Killed a scorpion
  2879 | D:4      | Reached skill level 6 in Necromancy
  2879 | D:4      | Gained mutation: You have a somewhat thin skeletal
                  | structure. (Dex +2, Stealth+) [demonic ancestry]
  2879 | D:4      | Reached XP level 5. HP: 27/35 MP: 2/8
  3771 | D:4      | Found a staircase to the Ecumenical Temple.
  3779 | Temple   | Entered the Ecumenical Temple
  3788 | Temple   | Became a worshipper of Nemelex Xobeh the Trickster
  4106 | D:4      | Gained mutation: A meltable shield of frost defends you.
                  | (SH +4) [demonic ancestry]
  4106 | D:4      | Reached XP level 6. HP: 40/41 MP: 3/9
  4464 | D:5      | Entered Level 5 of the Dungeon
  4502 | D:5      | Learned a level 4 spell: Animate Dead
  4679 | D:5      | Found Xaozyal's General Store.
  4689 | D:5      | Found Litoz's Specific Store.
  4710 | D:5      | Reached skill level 5 in Maces & Flails
  4791 | D:5      | Gained mutation: A weak demonic guardian rushes to your
                  | aid. [demonic ancestry]
  4791 | D:5      | Reached XP level 7. HP: 39/46 MP: 10/10
  5096 | D:5      | Noticed a hornet
  5102 | D:5      | Slain by a hornet

Illustrated notes

Levels and vault maps discovered:
D:1:      erik_arrival_orb_chamber, layout_loops_ring
D:2:      layout_basic, serial_park_tiny_1, serial_bayou_pond_e, uniq_natasha
D:3:      layout_basic, gammafunk_ghost_cemetery
D:4:      layout_layer_cave, minmay_temple_entry_gardened_gates, serial_rivers,
          chequers_serial_rivers_micro_e, chequers_serial_rivers_large_b,
          chequers_serial_rivers_small_3, chequers_serial_rivers_marsh,
          chequers_serial_rivers_room_a, chequers_serial_rivers_room_a,
          minmay_misc_feat_iff, kennysheep_generic_room_7
D:5:      layout_basic, nicolae_specific_store
Temple:   compressed_dpeg_circular_temple

Skill      XL: |  1  2  3  4  5  6 |
---------------+-------------------+-----
Stealth        | 2 |  2.0
Necromancy     | 5 6 |  6.0
Maces & Flails | 1 2 4 5 |  5.9
Long Blades    | |  0.5
Dodging        | |  1.7
Spellcasting   | |  2.0

Action                     |  1- 3 |  4- 6 |  7- 9 || total
---------------------------+-------+-------+-------++-------
  Melee: Long sword        |    10 |       |       ||    10
         Headbutt          |     5 |     9 |     2 ||    16
         Flail             |     9 |    47 |    12 ||    68
   Cast: Necrotise         |    56 |    44 |     3 ||   103
         Vampiric Draining |       |     1 |       ||     1
         Animate Dead      |       |     1 |       ||     1
   Stab: Sleeping          |       |     1 |     1 ||     2
 Armour: Robe              |    15 |       |       ||    15
         Leather armour    |    13 |    46 |    11 ||    70
  Dodge: Dodged            |    28 |    45 |     6 ||    79
  Block: Other             |       |     4 |     1 ||     5

Table legend: (Time is in decaauts)
 A = Elapsed time spent in this place.
 B = Non-inter-level travel time spent in this place.
 C = Inter-level travel time spent in this place.
 D = Time resting spent in this place.
 E = Time spent auto-exploring this place.
 F = Levels seen in this place.
 G = Mean time per level.
                   A        B        C        D        E       F      G
               +--------+--------+--------+--------+--------+-----+--------+
         Total |   5154 |   4834 |    320 |    520 |   3662 |   6 |  859.0 |
       Dungeon |   5135 |   4832 |    303 |    520 |   3662 |   5 | 1027.0 |
        Temple |     18 |      1 |     17 |      0 |      0 |   1 |   18.0 |
               +--------+--------+--------+--------+--------+-----+--------+

Top non-repeatable levels by time:
     D:4: 1621 daAuts
     D:2: 1214 daAuts
     D:1: 905 daAuts
     D:3: 750 daAuts
     D:5: 644 daAuts
  Temple: 18 daAuts
